TOP OF THE 1ST |
Oklahoma State University Cowboys batting - Pitching for Pennsylvania State University Nittany Lions : LHP Jeremy Bravo
|
Pitching: LHP Jeremy Bravo
|
|
Batting: RHB Simon Gravitt
|
0-0: Ball 1-0: Swinging Strike 1-1: Ball 2-1: Called Strike 2-2: Foul Ball, location: 2F 2-2: Foul Ball, location: 2F 2-2: Ball 3-2: Ground out 6-3 (Groundball, 6, EV 80.0 MPH)
|
Batting: RHB Jon Guzman
|
0-0: Foul Ball, location: 2F 0-1: Called Strike 0-2: Ball 1-2: Foul Ball, location: 2F 1-2: Strikes out swinging
|
Batting: LHB Kyle David
|
0-0: Ball 1-0: Foul Ball, location: 2F 1-1: Foul Ball, location: 2F 1-2: Foul Ball, location: 2F 1-2: Ball 2-2: Fly out, F5 (Popup, 5SF, EV 80.0 MPH)
|
Top of the 1st over - 0 runs, 0 hits, 0 errors, 0 left on base; Oklahoma State University 0 - Pennsylvania State University 0 |
BOTTOM OF THE 1ST |
Pennsylvania State University Nittany Lions batting - Pitching for Oklahoma State University Cowboys : RHP Bryan Toten
|
Pitching: RHP Bryan Toten
|
|
Batting: RHB Jesse Bandt
|
0-0: Foul Ball, location: 2F 0-1: Ball 1-1: Ball 2-1: Ball 3-1: Ground out 5-3 (Groundball, 56, EV 107.5 MPH)
|
Batting: RHB Pete Martin
|
0-0: Ground out 4-3 (Groundball, 4, EV 111.9 MPH)
|
Batting: RHB Josh Ebeling
|
0-0: Called Strike 0-1: Ball 1-1: Foul Ball, location: 2F 1-2: Fly out, F8 (Flyball, 78D, EV 90.0 MPH)
|
Bottom of the 1st over - 0 runs, 0 hits, 0 errors, 0 left on base; Oklahoma State University 0 - Pennsylvania State University 0 |
TOP OF THE 2ND |
Oklahoma State University Cowboys batting - Pitching for Pennsylvania State University Nittany Lions : LHP Jeremy Bravo
|
Batting: LHB Jeff Williams
|
0-0: Ball 1-0: Called Strike 1-1: Ball 2-1: Foul Ball, location: 2F 2-2: Strikes out swinging
|
Batting: RHB Magnus Laursen
|
0-0: Ball 1-0: Ball 2-0: Ball 3-0: Called Strike 3-1: Called Strike 3-2: Foul Ball, location: 2F 3-2: Fly out, F7 (Flyball, 78XD, EV 97.5 MPH)
|
Batting: RHB Rory Cardosi
|
0-0: Ball 1-0: Called Strike 1-1: Ball 2-1: Ground out 5-3 (Groundball, 5S, EV 68.8 MPH)
|
Top of the 2nd over - 0 runs, 0 hits, 0 errors, 0 left on base; Oklahoma State University 0 - Pennsylvania State University 0 |
BOTTOM OF THE 2ND |
Pennsylvania State University Nittany Lions batting - Pitching for Oklahoma State University Cowboys : RHP Bryan Toten
|
Batting: RHB Rob Hinojosa
|
0-0: Called Strike 0-1: Foul Ball, location: 2F 0-2: Ball 1-2: Fly out, F6 (Popup, 6MS, EV 68.8 MPH)
|
Batting: RHB Victor Victorino
|
0-0: Ball 1-0: SINGLE (Flyball, 78S, EV 83.8 MPH)
|
Batting: RHB Joe Strachan
|
0-0: Called Strike 0-1: Foul Ball, location: 2F 0-2: Foul Ball, location: 2F 0-2: Fly out, F4 (Flyball, 34D, EV 86.2 MPH)
|
Batting: RHB Francisco Velazquez
|
0-0: Ball 1-0: Ground out 5-3 (Groundball, 56S, EV 62.5 MPH)
|
Bottom of the 2nd over - 0 runs, 1 hit, 0 errors, 1 left on base; Oklahoma State University 0 - Pennsylvania State University 0 |
TOP OF THE 3RD |
Oklahoma State University Cowboys batting - Pitching for Pennsylvania State University Nittany Lions : LHP Jeremy Bravo
|
Batting: RHB Julio Marquez
|
0-0: Called Strike 0-1: Fly out, F4 (Popup, 3D, EV 65.6 MPH)
|
Batting: RHB Estevan Alvarez
|
0-0: Foul Ball, location: 2F 0-1: Called Strike 0-2: Ball 1-2: Foul Ball, location: 2F 1-2: Ball 2-2: Foul Ball, location: 2F 2-2: SINGLE (Flyball, 7S, EV 96.9 MPH)
|
Batting: RHB Frederik Koster
|
0-0: Ball 1-0: Foul Ball, location: 2F 1-1: Ball 2-1: Fielders Choice at 2nd, 6-4 (Groundball, 6, EV 82.5 MPH)
|
Batting: RHB Simon Gravitt
|
0-0: Fielders Choice at 2nd, 6-4 (Groundball, 6, EV 99.4 MPH)
|
Top of the 3rd over - 0 runs, 1 hit, 0 errors, 1 left on base; Oklahoma State University 0 - Pennsylvania State University 0 |
BOTTOM OF THE 3RD |
Pennsylvania State University Nittany Lions batting - Pitching for Oklahoma State University Cowboys : RHP Bryan Toten
|
Batting: RHB Zachary Roberts
|
0-0: Ball 1-0: Foul Ball, location: 2F 1-1: Fly out, F7 (Flyball, 78D, EV 78.1 MPH)
|
Batting: RHB James Steinmetz
|
0-0: Fly out, F8 (Flyball, 8LD, EV 78.8 MPH)
|
Batting: RHB Jesse Bandt
|
0-0: Ball 1-0: Ball 2-0: Ground out 5-3 (Groundball, 56, EV 87.5 MPH)
|
Bottom of the 3rd over - 0 runs, 0 hits, 0 errors, 0 left on base; Oklahoma State University 0 - Pennsylvania State University 0 |
TOP OF THE 4TH |
Oklahoma State University Cowboys batting - Pitching for Pennsylvania State University Nittany Lions : LHP Jeremy Bravo
|
Batting: RHB Jon Guzman
|
0-0: Foul Ball, location: 2F 0-1: Ball 1-1: Ground out 6-3 (Groundball, 6, EV 89.4 MPH)
|
Batting: LHB Kyle David
|
0-0: Ball 1-0: Foul Ball, location: 2F 1-1: Ball 2-1: Foul Ball, location: 2F 2-2: Ball 3-2: Foul Ball, location: 2F 3-2: Ground out 4-3 (Groundball, 34D, EV 106.9 MPH)
|
Batting: LHB Jeff Williams
|
0-0: Ground out 1-3 (Groundball, 13, EV 69.4 MPH)
|
Top of the 4th over - 0 runs, 0 hits, 0 errors, 0 left on base; Oklahoma State University 0 - Pennsylvania State University 0 |
BOTTOM OF THE 4TH |
Pennsylvania State University Nittany Lions batting - Pitching for Oklahoma State University Cowboys : RHP Bryan Toten
|
Batting: RHB Pete Martin
|
0-0: Ball 1-0: Ball 2-0: Fly out, F9 (Flyball, 9LM, EV 90.6 MPH)
|
Batting: RHB Josh Ebeling
|
0-0: Ball 1-0: Called Strike 1-1: Called Strike 1-2: Ball 2-2: Strikes out swinging
|
Batting: RHB Rob Hinojosa
|
0-0: Ball 1-0: Swinging Strike 1-1: SOLO HOME RUN (Flyball, 7LD, EV 95.0 MPH), Distance : 371 ft
|
Batting: RHB Victor Victorino
|
0-0: Fly out, F3 (Popup, 23F, EV 84.4 MPH)
|
Bottom of the 4th over - 1 run, 1 hit, 0 errors, 0 left on base; Oklahoma State University 0 - Pennsylvania State University 1 |
TOP OF THE 5TH |
Oklahoma State University Cowboys batting - Pitching for Pennsylvania State University Nittany Lions : LHP Jeremy Bravo
|
Batting: RHB Magnus Laursen
|
0-0: Ball 1-0: Foul Ball, location: 2F 1-1: Ball 2-1: Ball 3-1: Called Strike 3-2: SINGLE (Line Drive, 4MD, EV 101.2 MPH)
|
Batting: RHB Rory Cardosi
|
0-0: SINGLE (Groundball, 5S, EV 75.6 MPH) (infield hit) Magnus Laursen to second
|
Batting: RHB Julio Marquez
|
0-0: Ball 1-0: Foul Ball, location: 2F 1-1: Ball 2-1: Foul Ball, location: 2F 2-2: Fly out, F7 (Line Drive, 78D, EV 98.1 MPH)
|
Batting: RHB Estevan Alvarez
|
0-0: Grounds into double play, 5-4-3 (Groundball, 5S, EV 93.8 MPH)
|
Top of the 5th over - 0 runs, 2 hits, 0 errors, 1 left on base; Oklahoma State University 0 - Pennsylvania State University 1 |
BOTTOM OF THE 5TH |
Pennsylvania State University Nittany Lions batting - Pitching for Oklahoma State University Cowboys : RHP Bryan Toten
|
Batting: RHB Joe Strachan
|
0-0: Fly out, F5 (Popup, 15, EV 89.4 MPH)
|
Batting: RHB Francisco Velazquez
|
0-0: Called Strike 0-1: Ball 1-1: Ball 2-1: Called Strike 2-2: Ball 3-2: Strikes out swinging
|
Batting: RHB Zachary Roberts
|
0-0: SINGLE (Flyball, 34D, EV 84.4 MPH)
|
Batting: RHB James Steinmetz
|
0-0: Called Strike 0-1: Fielders Choice at 2nd, 6-4 (Groundball, 56, EV 85.0 MPH)
|
Bottom of the 5th over - 0 runs, 1 hit, 0 errors, 1 left on base; Oklahoma State University 0 - Pennsylvania State University 1 |
TOP OF THE 6TH |
Oklahoma State University Cowboys batting - Pitching for Pennsylvania State University Nittany Lions : LHP Jeremy Bravo
|
Batting: RHB Frederik Koster
|
0-0: Bunt - Flyout to 15! F1
|
Batting: RHB Simon Gravitt
|
0-0: Ball 1-0: Ball 2-0: Foul Ball, location: 2F 2-1: Foul Ball, location: 2F 2-2: Strikes out swinging
|
Batting: RHB Jon Guzman
|
0-0: Swinging Strike 0-1: Ball 1-1: SOLO HOME RUN (Flyball, 78XD, EV 108.1 MPH), Distance : 433 ft
|
Batting: LHB Kyle David
|
0-0: Ball 1-0: Foul Ball, location: 2F 1-1: Ball 2-1: Ground out 4-3 (Groundball, 4, EV 90.6 MPH)
|
Top of the 6th over - 1 run, 1 hit, 0 errors, 0 left on base; Oklahoma State University 1 - Pennsylvania State University 1 |
BOTTOM OF THE 6TH |
Pennsylvania State University Nittany Lions batting - Pitching for Oklahoma State University Cowboys : RHP Bryan Toten
|
Batting: RHB Jesse Bandt
|
0-0: Called Strike 0-1: Ball 1-1: Foul Ball, location: 2F 1-2: Ball 2-2: Strikes out swinging
|
Batting: RHB Pete Martin
|
0-0: Swinging Strike 0-1: Called Strike 0-2: Strikes out swinging
|
Batting: RHB Josh Ebeling
|
0-0: Ball 1-0: Foul Ball, location: 2F 1-1: Ball 2-1: Ball 3-1: SINGLE (Groundball, 34D, EV 105.6 MPH)
|
Batting: RHB Rob Hinojosa
|
0-0: Foul Ball, location: 2F 0-1: Foul Ball, location: 2F 0-2: Fly out, F4 (Flyball, 6MD, EV 85.6 MPH)
|
Bottom of the 6th over - 0 runs, 1 hit, 0 errors, 1 left on base; Oklahoma State University 1 - Pennsylvania State University 1 |
TOP OF THE 7TH |
Oklahoma State University Cowboys batting - Pitching for Pennsylvania State University Nittany Lions : LHP Jeremy Bravo
|
Pitching: LHP John McDonald
|
|
Batting: LHB Jeff Williams
|
0-0: Foul Ball, location: 2F 0-1: Ball 1-1: Ball 2-1: Foul Ball, location: 2F 2-2: DOUBLE (Line Drive, 78D, EV 101.9 MPH)
|
Batting: RHB Magnus Laursen
|
0-0: Ball 1-0: Fly out, F8 (Line Drive, 8RM, EV 89.4 MPH)
|
Batting: RHB Rory Cardosi
|
0-0: Swinging Strike 0-1: Ground out 5-3 (Groundball, 5L, EV 76.2 MPH)
|
Batting: RHB Julio Marquez
|
0-0: 2-RUN HOME RUN (Line Drive, 7D, EV 104.4 MPH), Distance : 384 ft
|
Batting: RHB Estevan Alvarez
|
0-0: Ball 1-0: Called Strike 1-1: Swinging Strike 1-2: Ball 2-2: Foul Ball, location: 2F 2-2: Strikes out looking
|
Top of the 7th over - 2 runs, 2 hits, 0 errors, 0 left on base; Oklahoma State University 3 - Pennsylvania State University 1 |
BOTTOM OF THE 7TH |
Pennsylvania State University Nittany Lions batting - Pitching for Oklahoma State University Cowboys : RHP Bryan Toten
|
Batting: RHB Victor Victorino
|
0-0: Ball 1-0: Fly out, F8 (Flyball, 8RD, EV 96.9 MPH)
|
Batting: RHB Joe Strachan
|
0-0: Called Strike 0-1: Foul Ball, location: 2F 0-2: Ball 1-2: Fly out, F8 (Flyball, 8LD, EV 91.2 MPH)
|
Batting: RHB Francisco Velazquez
|
0-0: Fly out, F4 (Flyball, 4D, EV 88.8 MPH)
|
Bottom of the 7th over - 0 runs, 0 hits, 0 errors, 0 left on base; Oklahoma State University 3 - Pennsylvania State University 1 |
TOP OF THE 8TH |
Oklahoma State University Cowboys batting - Pitching for Pennsylvania State University Nittany Lions : LHP John McDonald
|
Pitching: RHP Velimir Danicic
|
|
Batting: RHB Frederik Koster
|
0-0: Foul Ball, location: 2F 0-1: Ball 1-1: Ball 2-1: Fly out, F3 (Line Drive, 3L, EV 69.4 MPH)
|
Batting: RHB Simon Gravitt
|
0-0: Foul Ball, location: 2F 0-1: Ball 1-1: Ball 2-1: Ball 3-1: Called Strike 3-2: Strikes out swinging
|
Batting: RHB Jon Guzman
|
0-0: Ground out 6-3 (Groundball, 6, EV 103.8 MPH)
|
Top of the 8th over - 0 runs, 0 hits, 0 errors, 0 left on base; Oklahoma State University 3 - Pennsylvania State University 1 |
BOTTOM OF THE 8TH |
Pennsylvania State University Nittany Lions batting - Pitching for Oklahoma State University Cowboys : RHP Bryan Toten
|
Batting: RHB Zachary Roberts
|
0-0: Called Strike 0-1: Ball 1-1: Ball 2-1: Called Strike 2-2: Strikes out looking
|
Pitching: LHP Zach Richards
|
|
Batting: RHB James Steinmetz
|
0-0: Ball 1-0: Ground out 5-3 (Groundball, 56, EV 106.9 MPH)
|
Batting: RHB Jesse Bandt
|
0-0: Ball 1-0: Called Strike 1-1: Ball 2-1: Fly out, F8 (Flyball, 8LM, EV 95.6 MPH)
|
Bottom of the 8th over - 0 runs, 0 hits, 0 errors, 0 left on base; Oklahoma State University 3 - Pennsylvania State University 1 |
TOP OF THE 9TH |
Oklahoma State University Cowboys batting - Pitching for Pennsylvania State University Nittany Lions : RHP Velimir Danicic
|
Pitching: RHP Tony Corona
|
|
Batting: LHB Kyle David
|
0-0: Called Strike 0-1: Ball 1-1: Swinging Strike 1-2: Strikes out looking
|
Batting: LHB Jeff Williams
|
0-0: Ball 1-0: Fly out, F7 (Flyball, 7D, EV 78.1 MPH)
|
Batting: RHB Magnus Laursen
|
0-0: Called Strike 0-1: Foul Ball, location: 2F 0-2: Strikes out looking
|
Top of the 9th over - 0 runs, 0 hits, 0 errors, 0 left on base; Oklahoma State University 3 - Pennsylvania State University 1 |
BOTTOM OF THE 9TH |
Pennsylvania State University Nittany Lions batting - Pitching for Oklahoma State University Cowboys : LHP Zach Richards
|
Pitching: RHP Justin Reed
|
|
Batting: RHB Pete Martin
|
0-0: Fly out, F8 (Flyball, 8LXD, EV 94.4 MPH)
|
Batting: RHB Josh Ebeling
|
0-0: Called Strike 0-1: Called Strike 0-2: Ball 1-2: Ball 2-2: Foul Ball, location: 2F 2-2: Fly out, F7 (Line Drive, 78M, EV 90.0 MPH)
|
Batting: RHB Rob Hinojosa
|
0-0: Ball 1-0: Ball 2-0: Ball 3-0: Called Strike 3-1: Ground out 6-3 (Groundball, 6, EV 83.8 MPH)
|
Bottom of the 9th over - 0 runs, 0 hits, 0 errors, 0 left on base; Oklahoma State University 3 - Pennsylvania State University 1 |
|